[Event "44th Chess Olympiad Women 2022"]
[Site "Chennai"]
[Date "2022.08.02"]
[Round "5.34"]
[White "Chaves, Jussara"]
[Black "Juarez Garcia, Daniela"]
[Result "1/2-1/2"]
[ECO "A03"]
[WhiteElo "1933"]
[BlackElo "1725"]
[Annotator "TA"]
[PlyCount "73"]
[EventDate "2022.07.29"]
[EventType "team-tourn"]
[EventCountry "IND"]
[SourceTitle "playchess.com"]
[Source "ChessBase"]
[SourceQuality "1"]
[WhiteTeam "Portugal"]
[BlackTeam "Guatemala"]
[WhiteTeamCountry "POR"]
[BlackTeamCountry "GUA"]
[TimeControl "40/5400+30:1800+30"]

1. b3 d5 2. Bb2 Nf6 3. f4 g6 4. Nf3 Bg7 5. e3 c5 6. Be2 {[%emt 0:05:47] A03: Bird's Opening with 1...d5.} Nc6 7. Ne5 O-O 8. Nxc6 bxc6 9. O-O Nd7 {[%emt 0:06:28] [#]} 10. Qc1 $146 ({Predecessor:} 10. Bxg7 Kxg7 11. Qe1 e6 12. Nc3 f5 13. Na4 Qe7 14. Qg3 Nb6 15. Nb2 c4 16. Rfb1 {1-0 (47) Ries,J (1986)-Amelang,A (2072) Germany 2019}) 10... e5 11. Nc3 Qe7 12. Na4 d4 13. exd4 cxd4 14. Ba3 c5 15. Bb5 exf4 16. Bxd7 (16. Qe1 $11 Qg5 17. Qe4) 16... Qxd7 $17 17. Nxc5 Qc6 ({Better is} 17... Qc7 $17) 18. Nd3 {[%emt 0:03:37] [#]} (18. d3 $11 {remains equal.}) 18... Bb7 $1 {[%emt 0:01:03][%csl Gb7][%cal Rc6g2] A strong pair of Bishops.} 19. Rf2 {[%emt 0:00:17] [#]} (19. Nxf4 $2 Be5 $1 20. Rf2 (20. Bxf8 $2 Bxf4 21. Rf2 Rxf8 $19) 20... Bxf4 21. Bxf8 Rxf8 $19) 19... Rfc8 (19... Rfe8 $1 $17) 20. Nc5 (20. Nxf4 $15 a5 21. d3) 20... g5 (20... d3 $1 $17 21. c3 Qb6) 21. d3 $15 Re8 22. Ne4 h6 23. Nd6 Re5 $36 {[%emt 0:06:00][%mdl 2048] Black is pushing.} 24. Qd1 Rd8 25. Nc4 {[%emt 0:00:00] [#]} Re3 {[%emt 0:03:04] Hoping for ...Qe6.} 26. Na5 $1 Qb5 27. Nxb7 Qxb7 28. Bc5 Rde8 29. Qd2 ({White should try} 29. Qg4 $15) 29... f3 (29... Qd5 $17 30. Qb4 f3) 30. gxf3 Rxf3 31. Rxf3 Qxf3 32. Rf1 Qg4+ 33. Qg2 Qd7 ({But not} 33... Qxg2+ 34. Kxg2 Be5 35. a4 $14 (35. Bxa7 Ra8 $11)) 34. Qf2 Qg4+ 35. Qg2 Qd7 (35... Qh5 $5 ) 36. Qf2 {[%emt 0:00:23] Against f5} Qg4+ 37. Qg2 {[%emt 0:01:20] Weighted Error Value: White=0.22 (precise) /Black=0.25 (precise)} 1/2-1/2

[Event "44th Chess Olympiad Women 2022"]
[Site "Chennai"]
[Date "2022.08.02"]
[Round "5.34"]
[White "Mazariegos, Silvia Carolina"]
[Black "Pipiras, Filipa Fortuna"]
[Result "0-1"]
[ECO "D00"]
[WhiteElo "1851"]
[BlackElo "2139"]
[Annotator "NA RC"]
[PlyCount "48"]
[EventDate "2022.07.29"]
[EventType "team-tourn"]
[EventCountry "IND"]
[SourceTitle "playchess.com"]
[Source "ChessBase"]
[SourceQuality "1"]
[WhiteTeam "Guatemala"]
[BlackTeam "Portugal"]
[WhiteTeamCountry "GUA"]
[BlackTeamCountry "POR"]
[TimeControl "40/5400+30:1800+30"]

1. d4 d5 2. Bf4 c5 3. e3 Nc6 4. c3 Nf6 5. h3 Bf5 6. Bd3 e6 7. Bxf5 exf5 8. dxc5 Bxc5 9. Nd2 Ne4 10. Nxe4 fxe4 11. Qg4 O-O 12. Ne2 f5 13. Qg3 Qb6 14. O-O-O Qa6 15. Rxd5 Qxa2 16. Rhd1 Na5 17. Rd7 Rf7 18. Bh6 Qa1+ 19. Kc2 Qa4+ 20. Kc1 Rxd7 21. Rxd7 Qxd7 22. b4 Nc4 23. Nd4 Bxd4 24. exd4 a5 0-1

[Event "44th Chess Olympiad Women 2022"]
[Site "Chennai"]
[Date "2022.08.02"]
[Round "5.34"]
[White "Silva, Ana Ines Teixeira Da"]
[Black "Lopez L., Dairyn D."]
[Result "1-0"]
[ECO "B06"]
[WhiteElo "1775"]
[BlackElo "1574"]
[Annotator "NA RC COMBH"]
[PlyCount "73"]
[EventDate "2022.07.29"]
[EventType "team-tourn"]
[EventCountry "IND"]
[SourceTitle "playchess.com"]
[Source "ChessBase"]
[SourceQuality "1"]
[WhiteTeam "Portugal"]
[BlackTeam "Guatemala"]
[WhiteTeamCountry "POR"]
[BlackTeamCountry "GUA"]
[TimeControl "40/5400+30:1800+30"]

1. e4 g6 2. d4 Bg7 3. Nc3 d6 4. Be3 Nd7 5. f4 c5 6. Nf3 Nh6 7. h3 a6 8. a4 e6 9. Be2 b6 10. O-O O-O 11. Qd2 f5 12. Ng5 Qe7 13. Bc4 Nf6 14. e5 dxe5 15. dxe5 Nh5 16. Rad1 Re8 17. Qd6 Bf8 18. Qxe7 Rxe7 19. Rd6 Nf7 20. Nxf7 Kxf7 21. Rxb6 Rc7 22. Rd1 Be7 23. a5 Ng7 24. Nb1 Nh5 25. Nd2 Ng7 26. Bb3 Rd7 27. c3 Rd3 28. Nc4 Rxd1+ 29. Bxd1 Kf8 30. Nd6 Bd7 31. Bf3 Rd8 32. Bxc5 Ne8 33. Rxa6 Bc8 34. Rb6 Bd7 35. b4 Nc7 36. a6 Bxd6 37. Bxd6+ 1-0

[Event "44th Chess Olympiad Women 2022"]
[Site "Chennai"]
[Date "2022.08.02"]
[Round "5.34"]
[White "Natareno, Elvia"]
[Black "Silva, Mariana Sofia T."]
[Result "0-1"]
[ECO "A08"]
[WhiteElo "1581"]
[BlackElo "1912"]
[Annotator "TA"]
[PlyCount "116"]
[EventDate "2022.07.29"]
[EventType "team-tourn"]
[EventCountry "IND"]
[SourceTitle "playchess.com"]
[Source "ChessBase"]
[SourceQuality "1"]
[WhiteTeam "Guatemala"]
[BlackTeam "Portugal"]
[WhiteTeamCountry "GUA"]
[BlackTeamCountry "POR"]
[TimeControl "40/5400+30:1800+30"]

1. Nf3 d5 2. g3 c5 3. Bg2 Nc6 4. b3 e5 5. d3 Be7 6. Bb2 {[%emt 0:00:29] A08: King's Indian Attack.} f6 7. O-O Be6 8. Nbd2 {[%emt 0:02:24] [#] Black is slightly better.} Qd7 $146 ({Predecessor:} 8... Nh6 9. e3 O-O 10. a3 Qd7 11. c4 d4 12. exd4 Nxd4 13. Nxd4 exd4 14. Qe2 Rfe8 {1-0 (34) Wuersig,M (1576)-Wilhelm,R (1659) Playchess.com INT 2021}) 9. c4 d4 10. Ne4 Nh6 11. Ba3 b6 12. Ne1 Rc8 13. Nc2 a5 14. Bc1 Nf7 15. f4 {[%emt 0:09:07] [#]} O-O (15... h5 $1 $17) 16. a3 Nd6 17. Bd2 Nf5 (17... Nxe4 $17 18. Bxe4 exf4 19. Bxf4 Kh8) 18. Rb1 (18. g4 $11) 18... exf4 $15 19. Bxf4 Ne5 (19... Kh8 $15) 20. Qd2 (20. b4 $11) 20... Ng6 21. Rb2 Nxf4 22. Qxf4 Bd8 (22... h5 $15) 23. b4 $11 Bc7 24. Qf2 Ne3 25. Rfb1 (25. bxa5 $11 Nxf1 26. axb6) 25... Nxg2 $17 {[%emt 0:01:59] Black is much more active. The white rooks are badly placed.} 26. Qxg2 Bh3 27. Qf3 (27. Qh1 $17 f5 28. Nf2) 27... Bg4 $19 {[%emt 0:04:50] A strong pair of Bishops.} 28. Qg2 f5 $36 {[%emt 0:02:46][%mdl 2048] Black is really pushing.} 29. Ng5 (29. Nf2 $142) 29... h6 30. Nf3 (30. bxc5 bxc5 31. Nh3) 30... f4 31. bxc5 fxg3 {[%emt 0:03:38] Strongly threatening ...Bh3.} 32. hxg3 ({Don't play} 32. cxb6 Bh3 33. bxc7 Bxg2 34. Kxg2 gxh2 35. Ncxd4 Rxc7 36. Kxh2 Qd6+ 37. Kg2 Re7 $19) 32... Bh3 $2 (32... bxc5 $19 {is more deadly.} 33. Rb7 Bh3) 33. c6 $17 {[%emt 0:01:27] [#]} Qg4 ({Black should try} 33... Qe6 $1 $19 34. Qf2 (34. Nfxd4 $2 Qg4 $19) 34... Qxc6) 34. Ne5 $2 {[%emt 0:03:10][%mdl 8192] This move loses the game for White.} Bxe5 $19 35. Qd5+ Qe6 (35... Kh8 $142 36. Qxe5 Rce8) 36. Rxb6 Bxg3 37. Qxe6+ Bxe6 38. Kg2 Bc7 39. R6b5 Rf4 40. Ne1 Rg4+ 41. Kf2 Bg3+ 42. Kf1 Bxe1 43. Kxe1 Rg1+ 44. Kd2 Rxb1 45. Rxb1 Rxc6 {[%emt 0:00:03][%mdl 4096] Endgame KRB-KR} 46. Rb5 a4 47. Ra5 g5 48. e3 dxe3+ 49. Kxe3 Bd7 50. Ke4 Kf7 51. c5 Rf6 52. Ra7 Ke7 {[%emt 0:00:00] And now ...g4 would win.} 53. d4 g4 {[%emt 0:00:00][%cal Bg5g4,Bg4g3,Bg3g2][%mdl 32] Threatens to win with ...g3.} 54. d5 Kd8 {[%emt 0:00:00] White must now prevent ...g3.} 55. Ke5 $2 (55. c6 Bxc6 56. dxc6) 55... Rg6 {[%emt 0:00:00] ( -> ...g3)} 56. d6 g3 {[%emt 0:00:00] Black mates.} 57. Ra8+ Bc8 58. c6 g2 {[%emt 0:00:00] Weighted Error Value: White=0.69/Black=0.40} 0-1

[Event "44th Chess Olympiad Women 2022"]
[Site "Chennai"]
[Date "2022.08.02"]
[Round "5.35"]
[White "Smith, Olivia"]
[Black "Ptacnikova, Lenka"]
[Result "0-1"]
[ECO "B48"]
[WhiteElo "2038"]
[BlackElo "2066"]
[Annotator "NA RC"]
[PlyCount "92"]
[EventDate "2022.07.29"]
[EventType "team-tourn"]
[EventCountry "IND"]
[SourceTitle "playchess.com"]
[Source "ChessBase"]
[SourceQuality "1"]
[WhiteTeam "Wales"]
[BlackTeam "Iceland"]
[WhiteTeamCountry "WLS"]
[BlackTeamCountry "ISL"]
[TimeControl "40/5400+30:1800+30"]

1. e4 c5 2. Nf3 e6 3. d4 cxd4 4. Nxd4 Nc6 5. Nc3 Qc7 6. Be3 a6 7. a3 Nf6 8. Nxc6 bxc6 9. f4 d5 10. Qf3 Rb8 11. Bd4 Nd7 12. exd5 cxd5 13. Bd3 Nf6 14. O-O Bc5 15. Bxc5 Qxc5+ 16. Kh1 O-O 17. b4 Qc7 18. Na4 a5 19. Rab1 axb4 20. axb4 Bd7 21. Nc5 Bb5 22. h3 Rb6 23. Ra1 Qc6 24. Ra2 Bxd3 25. Nxd3 Ne4 26. Rfa1 Rc8 27. Kh2 Qd6 28. Qh5 Nf6 29. Qe2 h6 30. Ra8 Rbb8 31. R8a6 Qc7 32. R1a2 Ne4 33. Ra7 Rb7 34. Rxb7 Qxb7 35. Qe3 Qb8 36. Ne5 Qxb4 37. Qa7 Nd6 38. Ra4 Qc5 39. Qa6 Qxc2 40. Ra2 Qc7 41. Qe2 Qc1 42. Qg4 Qf1 43. Nd7 Ne4 44. Rb2 Kh7 45. Qh4 Rc1 46. Nf8+ Kg8 0-1

[Event "44th Chess Olympiad Women 2022"]
[Site "Chennai"]
[Date "2022.08.02"]
[Round "5.35"]
[White "Johannsdottir, Johanna Bjorg"]
[Black "Chong, Kimberly"]
[Result "0-1"]
[ECO "B01"]
[WhiteElo "1976"]
[BlackElo "1741"]
[Annotator "TA"]
[PlyCount "76"]
[EventDate "2022.07.29"]
[EventType "team-tourn"]
[EventCountry "IND"]
[SourceTitle "playchess.com"]
[Source "ChessBase"]
[SourceQuality "1"]
[WhiteTeam "Iceland"]
[BlackTeam "Wales"]
[WhiteTeamCountry "ISL"]
[BlackTeamCountry "WLS"]
[TimeControl "40/5400+30:1800+30"]

1. e4 d5 2. exd5 Nf6 3. Nf3 Nxd5 4. d4 g6 5. c4 Nb6 6. Nc3 Bg7 7. c5 Nd5 8. Bc4 e6 {[%emt 0:02:37] B01: Scandinavian Defence.} 9. O-O ({Don't play} 9. Bxd5 exd5 10. Qe2+ (10. Bg5 f6 $11) 10... Be6 $11) 9... O-O 10. Qb3 (10. Bg5 $14 {feels stronger.} f6 11. Bd2) 10... c6 {[%emt 0:07:21] The position is equal.} 11. Ne4 b6 12. Re1 {[%emt 0:07:57] [#]} bxc5 $146 ({Predecessor:} 12... Nd7 13. Bg5 Qc7 14. Rac1 bxc5 15. Bxd5 cxd5 16. Nxc5 Nxc5 17. Rxc5 Qb6 18. Qxb6 axb6 19. Rb5 Rxa2 20. Rxb6 Ra4 21. Be7 Re8 22. Bc5 Rc4 23. b4 {½-½ (23) Laflamme,S (1982)-Pare,M (2038) Ste Foy 2018}) 13. dxc5 Nd7 14. Bg5 Qa5 15. Bd2 Qc7 16. Qc2 Rb8 17. Bb3 a5 18. Rab1 Nb4 19. Bxb4 Rxb4 20. a3 Rb8 21. Ba4 Ba6 22. b4 axb4 23. axb4 Bb5 (23... Nf6 $11) 24. Bb3 Qf4 (24... Ne5 $11 25. Re3 Nxf3+ 26. Rxf3 Be5) 25. Nd6 (25. Re3 $14) 25... Qxb4 $11 26. Ne4 (26. Nxf7 $11 Qc3 27. N7e5 Qxc2 28. Bxc2 Nxc5 29. Nd4) 26... Qa5 $17 27. Nfg5 {[%emt 0:11:33] [#] This move loses the game for White.} (27. h4 $17) 27... Ne5 $1 $19 {[%emt 0:01:46] White must now prevent ...Bd3.} 28. Rbd1 {[%emt 0:00:13] [#] Against Bd3} Bd3 $1 29. Qa2 (29. Qd2 Qxd2) 29... Qxa2 30. Bxa2 Bc2 {[%emt 0:03:10] A strong pair of Bishops.} 31. Rd6 (31. Rd2 Rb2 32. Rc1 Rxa2 33. Rdxc2 Rxc2 34. Rxc2) 31... h6 32. f4 $2 (32. Nxf7 {was necessary.} Rxf7 33. h3) 32... Nd3 {[%emt 0:00:14] Black is clearly winning.} 33. Re2 Rb2 34. Nxe6 Rxa2 35. Rxd3 Ra1+ 36. Kf2 Bxd3 37. Nxf8 Bxe2 38. Kxe2 Kxf8 {[%emt 0:00:14] Weighted Error Value: White=0.60/Black=0.19 (very precise)} 0-1

[Event "44th Chess Olympiad Women 2022"]
[Site "Chennai"]
[Date "2022.08.02"]
[Round "5.35"]
[White "Acevedo Mendez, Lisseth"]
[Black "Bagga, Khushi"]
[Result "1-0"]
[ECO "D02"]
[WhiteElo "1784"]
[BlackElo "1328"]
[Annotator "NA RC COMBH"]
[PlyCount "45"]
[EventDate "2022.07.29"]
[EventType "team-tourn"]
[EventCountry "IND"]
[SourceTitle "playchess.com"]
[Source "ChessBase"]
[SourceQuality "1"]
[WhiteTeam "Iceland"]
[BlackTeam "Wales"]
[WhiteTeamCountry "ISL"]
[BlackTeamCountry "WLS"]
[TimeControl "40/5400+30:1800+30"]

1. d4 d5 2. Bf4 e6 3. Nf3 c5 4. e3 Nf6 5. c3 Be7 6. Nbd2 O-O 7. h3 Nc6 8. Bd3 c4 9. Bc2 b5 10. a3 Bb7 11. Qe2 h6 12. g4 Bd6 13. Rg1 Ne8 14. g5 hxg5 15. Nxg5 Bxf4 16. exf4 Qd6 17. Qh5 Nf6 18. Qh4 g6 19. Qh6 Rfd8 20. Nxf7 Kxf7 21. Qxg6+ Ke7 22. Qg7+ Ke8 23. Bg6# 1-0

[Event "44th Chess Olympiad Women 2022"]
[Site "Chennai"]
[Date "2022.08.02"]
[Round "5.35"]
[White "Ray, Hiya"]
[Black "Thorsteinsdottir, Hallgerdur"]
[Result "0-1"]
[ECO "B01"]
[WhiteElo "1586"]
[BlackElo "1934"]
[Annotator "TA"]
[PlyCount "106"]
[EventDate "2022.07.29"]
[EventType "team-tourn"]
[EventCountry "IND"]
[SourceTitle "playchess.com"]
[Source "ChessBase"]
[SourceQuality "1"]
[WhiteTeam "Wales"]
[BlackTeam "Iceland"]
[WhiteTeamCountry "WLS"]
[BlackTeamCountry "ISL"]
[TimeControl "40/5400+30:1800+30"]

1. e4 d5 2. exd5 Qxd5 3. Nc3 Qd8 4. Nf3 Bg4 5. Bc4 e6 $1 6. O-O {[%emt 0:01:28] B01: Scandinavian Defence.} Nf6 7. Be2 Nbd7 8. d4 {[%emt 0:01:18] The position is equal.} c6 {[%emt 0:01:22] [#]} 9. Bf4 $146 ({Predecessor:} 9. Be3 Be7 10. h3 Bxf3 11. Bxf3 O-O 12. Ne2 Nb6 13. b3 Qc7 14. c4 Rad8 15. Qc2 {0-1 (41) Plotnikov,P (2297)-Ahmadzada,A (2431) Chess.com INT 2021}) 9... Be7 10. Nd2 Bxe2 11. Qxe2 O-O 12. Nce4 Qb6 13. Nb3 a5 14. a4 Nxe4 15. Qxe4 Nf6 16. Qe2 Rfd8 17. Rfd1 Rd5 18. Be5 Rad8 19. Nd2 R5d7 (19... Qxb2 20. Nc4 Qb4 21. Ne3 Rxd4 22. Bxd4 Rxd4 23. Rab1 Qxa4 24. Rxb7 $16) 20. Nc4 Qa6 21. b3 Nd5 22. Rd3 Bf6 23. Rg3 Bxe5 24. Qxe5 (24. dxe5 Ne7 $11) 24... g6 25. Nd2 {[%emt 0:00:58] Black must now prevent Ne4.} c5 26. c4 {[%emt 0:06:03] Ne4 is the strong threat.} (26. dxc5 $2 Nb4 27. Nf1 Nxc2 $19) (26. Ne4 $5 cxd4 27. Nc5 $11) 26... f6 (26... Nf4 $5) 27. Qe2 (27. Qe1 $1 $11 {and White is okay.} Nb4 28. Ne4 Rxd4 29. Nxf6+ (29. Nxc5 $2 Qb6 $19) 29... Kg7 30. Ng4) 27... Nf4 $19 (27... cxd4 28. Ne4 (28. Qf3 Nc3 $17) 28... Rf7 29. Qg4 $15) 28. Qe1 cxd4 29. Rf3 (29. Ne4 $142 Rf7 30. Nc5) 29... e5 30. Ne4 Qc6 {[%emt 0:02:41] Prevents Nc5.} 31. g3 $2 (31. Rd1 {was necessary.}) 31... Nh5 {[%emt 0:00:06] Hoping for ...f5.} 32. g4 Nf4 {[%emt 0:00:14] Strongly threatening ...d3.} 33. g5 fxg5 34. Nxg5 h6 35. Ne4 (35. Rxf4 {is the only way for White.} exf4 36. Qe6+ Qxe6 37. Nxe6) 35... d3 36. Nd2 Qf6 (36... Ne2+ 37. Kf1 Rf7 38. Rxd3 Rxd3 39. Kxe2 Rfd7) 37. Kh1 Kh7 (37... Qg5 $2 38. Rg3 Qf6 39. Qe3 $17) 38. Rd1 (38. Re3 $142) 38... Rd4 ({Avoid the trap} 38... Qg5 $2 39. Rg3 Qh5 40. Re3 $19) 39. Re3 Ne2 ({But not} 39... Qg5 $2 40. Qg1 $19) 40. Nf3 {[%emt 0:01:28] [#]} Re4 41. Qd2 (41. Nd2 Rg4) 41... Rf4 42. Rxd3 Rxd3 43. Qxd3 Rxf3 44. Qxe2 Rxf2 {[%emt 0:00:33][%mdl 4096] Endgame KQR-KQR} 45. Qd3 {[%emt 0:04:01] [#]} e4 $2 (45... h5 $1 $19 46. Kg1 Rb2) 46. Qd7+ $11 Qf7 47. Qh3 $2 {[%emt 0:03:00][%mdl 8192] Loses the game.} (47. Qxf7+ $11 {and White stays safe.} Rxf7 48. Rd4) 47... Rf5 $19 48. Re1 $2 (48. Kg1 Qe6 49. Qe3) 48... Rf3 49. Qg2 b6 50. Qe2 Qf4 {[%emt 0:02:11] ( -> ...Rf2)} 51. Rd1 Rf2 {[%emt 0:01:03][%csl Gf2][%cal Rf4h2] Black mates.} 52. Rd7+ Kg8 53. Rd8+ Kf7 {[%emt 0:00:08] Weighted Error Value: White=0.84/Black=0.35} 0-1

[Event "44th Chess Olympiad Women 2022"]
[Site "Chennai"]
[Date "2022.08.02"]
[Round "5.36"]
[White "Mezioud, Amina"]
[Black "Nakabo, Peninah"]
[Result "1-0"]
[ECO "B15"]
[WhiteElo "2024"]
[BlackElo "1747"]
[Annotator "NA RC"]
[PlyCount "168"]
[EventDate "2022.07.29"]
[EventType "team-tourn"]
[EventCountry "IND"]
[SourceTitle "playchess.com"]
[Source "ChessBase"]
[SourceQuality "1"]
[WhiteTeam "Algeria"]
[BlackTeam "Uganda"]
[WhiteTeamCountry "ALG"]
[BlackTeamCountry "UGA"]
[TimeControl "40/5400+30:1800+30"]

1. e4 c6 2. Nf3 d5 3. Nc3 Bg4 4. h3 Bxf3 5. Qxf3 e6 6. d4 g6 7. Be2 Bg7 8. exd5 cxd5 9. Bb5+ Nc6 10. Be3 Nge7 11. O-O O-O 12. Ne2 Qb6 13. Bxc6 Nxc6 14. c3 Rac8 15. Rab1 Ne7 16. g4 Qa5 17. a3 b5 18. Nf4 Qb6 19. Nd3 a5 20. Nc5 Qc6 21. Qg3 Ra8 22. Bf4 Nc8 23. Rfe1 Nb6 24. Re2 Nd7 25. Nd3 Rfc8 26. Rbe1 Re8 27. h4 h6 28. Qe3 Kh7 29. Qf3 Kg8 30. Kg2 Qc8 31. Qg3 Nf6 32. f3 Nd7 33. Bd2 Qc4 34. f4 Nf6 35. Nc5 b4 36. b3 Qb5 37. cxb4 axb4 38. Bxb4 Bf8 39. g5 Bxc5 40. dxc5 Ne4 41. Qe3 h5 42. Qd4 Rec8 43. Rxe4 dxe4 44. Bc3 Kf8 45. Qg7+ Ke8 46. Qg8+ Kd7 47. Qxf7+ Kc6 48. Qxe6+ Kb7 49. Qxe4+ Qc6 50. Qxc6+ Rxc6 51. Bb4 Rd8 52. Re3 Rd1 53. Re7+ Kc8 54. Kf3 Rh1 55. Ke4 Rxh4 56. Kd5 Ra6 57. c6 Rh1 58. Re8+ Kc7 59. Bd6+ Kb6 60. c7 Rd1+ 61. Ke6 Re1+ 62. Be5 Rxe5+ 63. Kxe5 Kxc7 64. Re6 Rxe6+ 65. Kxe6 h4 66. f5 gxf5 67. g6 h3 68. g7 h2 69. g8=Q h1=Q 70. Qg7+ Kb6 71. Qd4+ Ka6 72. Qc4+ Kb6 73. Kxf5 Qh5+ 74. Ke4 Qg4+ 75. Kd3 Qf3+ 76. Kd2 Qf2+ 77. Qe2 Qd4+ 78. Kc2 Qc5+ 79. Kb2 Qd4+ 80. Ka2 Ka5 81. a4 Qb4 82. Qe5+ Kb6 83. Qb8+ Kc5 84. Qf8+ Kd5 1-0

[Event "44th Chess Olympiad Women 2022"]
[Site "Chennai"]
[Date "2022.08.02"]
[Round "5.36"]
[White "Abdi, Zineb Dina"]
[Black "Nansubuga, Gloria"]
[Result "1-0"]
[ECO "B19"]
[WhiteElo "1899"]
[BlackElo "1538"]
[Annotator "NA RC COMBH"]
[PlyCount "101"]
[EventDate "2022.07.29"]
[EventType "team-tourn"]
[EventCountry "IND"]
[SourceTitle "playchess.com"]
[Source "ChessBase"]
[SourceQuality "1"]
[WhiteTeam "Algeria"]
[BlackTeam "Uganda"]
[WhiteTeamCountry "ALG"]
[BlackTeamCountry "UGA"]
[TimeControl "40/5400+30:1800+30"]

1. e4 c6 2. d4 d5 3. Nc3 dxe4 4. Nxe4 Bf5 5. Ng3 Bg6 6. Nf3 e6 7. h4 h6 8. h5 Bh7 9. Bd3 Bxd3 10. Qxd3 Nf6 11. Bd2 Bd6 12. Ne4 Nxe4 13. Qxe4 Nd7 14. O-O-O Nf6 15. Qe2 Qc7 16. g3 O-O-O 17. Kb1 Nd5 18. c4 Nf6 19. c5 Be7 20. Bf4 Qa5 21. Ne5 Rhf8 22. Nc4 Qb5 23. Bd6 Nd5 24. Rc1 Qa6 25. Rhd1 Bxd6 26. Nxd6+ Rxd6 27. Qxa6 bxa6 28. cxd6 Kd7 29. Rd3 Kxd6 30. Ra3 Rc8 31. Rxa6 Rc7 32. g4 Nb4 33. Ra3 Nd5 34. Rc4 Nb6 35. Rcc3 Nd5 36. Rg3 Rb7 37. Rgb3 Rc7 38. Rb8 Nb6 39. Rd8+ Ke7 40. Rg8 Nc4 41. Rd3 Rb7 42. b3 Kf6 43. Kc1 Nd6 44. Rf3+ Ke7 45. Rxg7 Kf8 46. Rh7 Kg8 47. Rxh6 Kg7 48. Rhf6 Ne4 49. h6+ Kg8 50. h7+ Kg7 51. Rxf7+ 1-0

[Event "44th Chess Olympiad Women 2022"]
[Site "Chennai"]
[Date "2022.08.02"]
[Round "5.36"]
[White "Ampaire Shakira"]
[Black "Nassr, Lina"]
[Result "0-1"]
[ECO "B84"]
[WhiteElo "1666"]
[BlackElo "2011"]
[Annotator "NA"]
[PlyCount "50"]
[EventDate "2022.07.29"]
[EventType "team-tourn"]
[EventCountry "IND"]
[SourceTitle "playchess.com"]
[Source "ChessBase"]
[SourceQuality "1"]
[WhiteTeam "Uganda"]
[BlackTeam "Algeria"]
[WhiteTeamCountry "UGA"]
[BlackTeamCountry "ALG"]
[TimeControl "40/5400+30:1800+30"]

1. e4 c5 2. Nf3 e6 3. d4 cxd4 4. Nxd4 a6 5. Nc3 Qc7 6. Be2 Nf6 7. O-O Be7 8. Be3 d6 9. Qd3 Nbd7 10. Bg5 b5 11. Bxf6 Nxf6 12. f4 b4 13. Nd1 Bb7 14. Bf3 O-O 15. c4 bxc3 16. Nxc3 Qb6 17. Kh1 Rfd8 18. b3 Rac8 19. Rac1 Bf8 20. Rc2 Qa5 21. Rfc1 d5 22. e5 Ne4 23. Bxe4 dxe4 24. Nxe4 Rxc2 25. Rxc2 Qe1+ 0-1

[Event "44th Chess Olympiad Women 2022"]
[Site "Chennai"]
[Date "2022.08.02"]
[Round "5.36"]
[White "Takali Milly"]
[Black "Nassr, Rania"]
[Result "0-1"]
[ECO "A47"]
[WhiteElo "1482"]
[BlackElo "1737"]
[Annotator "NA RC COMBH"]
[PlyCount "90"]
[EventDate "2022.07.29"]
[EventType "team-tourn"]
[EventCountry "IND"]
[SourceTitle "playchess.com"]
[Source "ChessBase"]
[SourceQuality "1"]
[WhiteTeam "Uganda"]
[BlackTeam "Algeria"]
[WhiteTeamCountry "UGA"]
[BlackTeamCountry "ALG"]
[TimeControl "40/5400+30:1800+30"]

1. d4 Nf6 2. Bf4 e6 3. e3 b6 4. Nf3 Bb7 5. Bd3 Bd6 6. Bxd6 cxd6 7. Nbd2 d5 8. O-O O-O 9. c3 Ne4 10. Rc1 d6 11. c4 Nxd2 12. Qxd2 dxc4 13. Bxc4 Nd7 14. Be2 Nf6 15. h3 Qe7 16. Qb4 Nd5 17. Qa3 a6 18. Rc2 b5 19. Qa5 Qd8 20. Qxd8 Raxd8 21. a3 Rc8 22. Rfc1 Rxc2 23. Rxc2 Rc8 24. Rxc8+ Bxc8 25. Ng5 f5 26. Nf3 h6 27. Nd2 Nb6 28. f3 g6 29. Kf2 Kf7 30. e4 Bb7 31. e5 dxe5 32. dxe5 f4 33. g4 Nd7 34. Nb3 Bd5 35. Nd4 Nxe5 36. a4 bxa4 37. Bxa6 Bc4 38. Bxc4 Nxc4 39. b3 e5 40. bxa4 exd4 41. Ke2 Ke6 42. Kd3 Kd5 43. Kc2 g5 44. Kb3 d3 45. Kc3 d2 0-1

[Event "44th Chess Olympiad Women 2022"]
[Site "Chennai"]
[Date "2022.08.02"]
[Round "5.37"]
[White "Hernandez Alvarez, Tania Regla"]
[Black "Kannappan, Sigappi"]
[Result "0-1"]
[ECO "A16"]
[WhiteElo "2058"]
[BlackElo "1914"]
[Annotator "NA RC"]
[PlyCount "116"]
[EventDate "2022.07.29"]
[EventType "team-tourn"]
[EventCountry "IND"]
[SourceTitle "playchess.com"]
[Source "ChessBase"]
[SourceQuality "1"]
[WhiteTeam "Costa Rica"]
[BlackTeam "Hong Kong"]
[WhiteTeamCountry "CRI"]
[BlackTeamCountry "HKG"]
[TimeControl "40/5400+30:1800+30"]

1. Nf3 Nf6 2. c4 g6 3. g3 Bg7 4. Bg2 O-O 5. O-O d6 6. Nc3 Nc6 7. d3 a6 8. Rb1 Rb8 9. b4 b5 10. cxb5 axb5 11. a3 e5 12. Bb2 Nd4 13. e3 Nxf3+ 14. Bxf3 Bh3 15. Re1 h5 16. Rc1 Bg4 17. Bxg4 hxg4 18. Ne4 Nxe4 19. dxe4 Qd7 20. Qd5 Rfc8 21. Red1 Qe6 22. Qd3 Bf8 23. Rc6 Be7 24. Rdc1 Bd8 25. Ra6 Rb7 26. Rac6 Rcb8 27. Rd1 Rb6 28. Rxb6 Rxb6 29. Qe2 Be7 30. Kg2 c5 31. bxc5 dxc5 32. Rd5 Bd6 33. Qd2 b4 34. axb4 cxb4 35. Qd1 b3 36. Qa1 Qf6 37. Kg1 Qf3 38. Qa8+ Kh7 39. Qd8 Qxe4 40. Rd2 Rc6 41. Qf6 Qf5 42. Qh4+ Kg7 43. Qd8 Bb4 44. Re2 Bc3 45. e4 Qe6 46. Qd3 Qc4 47. Qe3 Bxb2 48. Rxb2 Qc1+ 49. Qxc1 Rxc1+ 50. Kg2 Rc3 51. h3 gxh3+ 52. Kxh3 f5 53. exf5 gxf5 54. Kg2 e4 55. Kf1 Kf6 56. Rd2 Ke5 57. Rd8 b2 58. Rb8 Rc1+ 0-1

[Event "44th Chess Olympiad Women 2022"]
[Site "Chennai"]
[Date "2022.08.02"]
[Round "5.37"]
[White "Deng, Jing Xin Crystal"]
[Black "Diaz Charpentier, Kristel Meliss"]
[Result "0-1"]
[ECO "E11"]
[WhiteElo "1914"]
[BlackElo "1989"]
[Annotator "NA RC"]
[PlyCount "70"]
[EventDate "2022.07.29"]
[EventType "team-tourn"]
[EventCountry "IND"]
[SourceTitle "playchess.com"]
[Source "ChessBase"]
[SourceQuality "1"]
[WhiteTeam "Hong Kong"]
[BlackTeam "Costa Rica"]
[WhiteTeamCountry "HKG"]
[BlackTeamCountry "CRI"]
[TimeControl "40/5400+30:1800+30"]

1. d4 Nf6 2. c4 e6 3. Nf3 Bb4+ 4. Bd2 Qe7 5. g3 Nc6 6. Nc3 Bxc3 7. Bxc3 Ne4 8. Rc1 Nxc3 9. Rxc3 d6 10. d5 Nb8 11. dxe6 fxe6 12. Bg2 O-O 13. O-O Nd7 14. Qc2 a5 15. h4 Nf6 16. e4 e5 17. c5 c6 18. cxd6 Qxd6 19. Rd1 Qc7 20. Rc5 Bg4 21. Rd3 Bxf3 22. Bxf3 Nd7 23. Rcd5 Nb6 24. Rb5 Rf7 25. Rbb3 a4 26. Rbc3 Raf8 27. Kg2 Rf6 28. Qd2 Qf7 29. b3 axb3 30. axb3 Nd5 31. exd5 e4 32. Rd4 Rxf3 33. Rxf3 Qxf3+ 34. Kg1 cxd5 35. Rxd5 e3 0-1